 Dungeon Crawl Stone Soup version 0.32-a0-900-g30fb1b0edc (webtiles) character file.

Game seed: 15258920709330473705

665 ezpacito the Chopper (level 7, -6/54 HPs)
             Began as a Coglin Chaos Knight on Apr 5, 2024.
             Was a Plaything of Xom.
             Mangled by an ogre
             ... wielding a +0 giant spiked club
              (26 damage)
             ... on level 5 of the Dungeon.
             The game lasted 00:05:10 (4565 turns).

ezpacito the Chopper (Coglin Chaos Knight)          Turns: 4565, Time: 00:05:11

Health: -6/54      AC: 11    Str: 13    XL:     7   Next: 57%
Magic:  9/9        EV:  6    Int: 10    God:    Xom [....*.]
Gold:   219        SH:  4    Dex: 18    Spells: 3/8 levels left

rFire   . . .        o - +12 mace of No Interval {elec, rN+ Will- Stlth+}
rCold   . . .        a - +0 hand axe (chaos) {Prasit}
rNeg    + . .        p - +1 chain mail
rPois   .            j - +0 helmet
rElec   .            (no cloak)
rCorr   .            (no gloves)
SInv    .            (no boots)
Will    .....        (amulet unavailable)
Stlth   ++           (ring unavailable)
HPRegen 0.29/turn    (ring unavailable)
MPRegen 0.11/turn    (no gizmo)

%: no passive effects
@: especially stealthy, invisible, revved
A: off-hand wielding, slow wielding, warmup strikes, no jewellery, large bone
plates 1, agile 1, screaming 1
a: Invent Gizmo, Renounce Religion


You were on level 5 of the Dungeon.
You worshipped Xom.
You were a beloved toy of Xom.
You visited 2 branches of the dungeon, and saw 6 of its levels.

You collected 219 gold pieces.

Inventory:

Hand Weapons
 a - a +0 hand axe of chaos (offhand) {Prasit}
 o - the +12 mace of No Interval (weapon) {elec, rN+ Will- Stlth+}
   (You found it on level 2 of the Dungeon)

   rN+:       It protects you from negative energy.
   Will-:     It decreases your willpower.
   Stlth+:    It makes you more stealthy.
 r - the +7 staff of the Meek {protect, meekguard}
   (You took it off Robin on level 3 of the Dungeon)
Missiles
 b - a throwing net
 k - 10 poisoned darts (quivered)
 l - 11 boomerangs
 s - 2 javelins
Armour
 d - the +1 robe of the Kettle-Drum {rElec}
   (You found it on level 2 of the Dungeon)

   rElec:     It insulates you from electricity.
 j - a +0 helmet (worn)
 p - a +1 chain mail (worn)
Magical Staves
 c - the staff of Qazlal's Pride {rC+ rN+ Ice}
   (You found it on level 3 of the Dungeon)

   [staff of cold]

   Base accuracy: +5 Base damage: 5 Base attack delay: 1.2 This weapon's minimum
   attack delay (0.6) is reached at skill level 12.
   rC+:       It protects you from cold.
   rN+:       It protects you from negative energy.
   Ice:       It increases the power of your Ice spells.
   It falls into the 'Staves' category.
   It is a one-graspered weapon.
Talismans
 u - a blade talisman
Scrolls
 g - a scroll of fear
 m - a scroll of identify {unknown}
 n - a scroll of blinking {unknown}
 q - a scroll of poison {unknown}
 t - 3 scrolls of teleportation
Potions
 e - a potion of mutation
 f - a potion of berserk rage {unknown}
 h - a potion of heal wounds {unknown}
 i - a potion of attraction {unknown}
 v - a potion of lignification {unknown}


   Skills:
 * Level 4.1 Fighting
 * Level 4.1(4.7) Axes
 + Level 1.3(2.7) Maces & Flails
 * Level 2.5(3.5) Polearms
 * Level 3.2 Armour
 * Level 2.7 Dodging
 + Level 1.6 Stealth
 + Level 1.4 Spellcasting
 + Level 1.4 Necromancy
 + Level 1.3 Evocations


You had 3 spell levels left.
You knew the following spells:

 Your Spells              Type           Power      Damage    Failure   Level
a - Fugue of the Fallen   Necr           3%         N/A       100%        3
b - Ensorcelled Hibernat  Hex/Ice        0%         N/A       100%        2

Your spell library contained the following spells:

 Spells                   Type           Power      Damage    Failure   Level
 Kiss of Death            Conj/Necr      8%         2d6       99%         1
 Mercury Vapours          Alch/Air       0%         N/A       100%        2
 Scorch                   Fire           0%         2d5       100%        2
 Confusing Touch          Hex            0%         N/A       100%        3
 Mephitic Cloud           Conj/Alch/Air  0%         N/A       100%        3
 Teleport Other           Tloc           0%         N/A       100%        3
 Anguish                  Hex/Necr       1%         N/A       100%        4
 Dispel Undead            Necr           3%         3d7       100%        4
 Flame Wave               Conj/Fire      0%         2d4       100%        4
 Freezing Cloud           Conj/Ice/Air   0%         6-21      100%        5
 Iskenderun's Battlesphe  Conj           0%         2d6       100%        5
 Bombard                  Conj/Erth      0%         9d1       100%        6
 Dispersal                Tloc           0%         N/A       100%        6
 Gell's Gavotte           Tloc           0%         2d(11-16) 100%        6
 Summon Cactus Giant      Summ           0%         N/A       100%        6
 Spellforged Servitor     Conj/Summ      0%         N/A       100%        7


Dungeon Overview and Level Annotations

Branches:
Dungeon (5/15)             Temple (1/1) D:4

Altars:
Cheibriados
Dithmenos
Fedhas
Gozag
Hepliaklqana
Kikubaaqudgha
Makhleb
Nemelex Xobeh
Okawaru
Qazlal
Sif Muna
Trog
Uskayaw
Vehumet
Wu Jian
Xom
Yredelemnul
Zin
The Shining One


Innate Abilities, Weirdness & Mutations

You can wield a second weapon in your off-hand.
It takes a long time for you to wield or remove held weapons.
Your first few attacks do less damage.
You cannot equip rings or amulets.
You are partially covered in large bone plates. (SH +4)
You are agile. (Dex +4, Str/Int -1)
You occasionally shout uncontrollably at your foes.


Message History

The orc priest completely misses your butterfly.
You hit the orc but do no damage.
The orc is poisoned.
You sock the orc with the +12 mace of No Interval!
You kill the orc!
The ice beast completely misses your butterfly.
You barely miss the orc priest with the +12 mace of No Interval.
You barely miss the orc priest with your +0 hand axe of chaos.
You hit the orc but do no damage.
The orc priest hits you but does no damage.
The orc hits you but does no damage.
You sock the orc priest with the +12 mace of No Interval!
The orc priest is heavily wounded.
You hit the orc priest with your +0 hand axe of chaos.
The orc priest is moving more slowly.
You hit the orc with your +0 hand axe of chaos.
You freeze the orc.
The orc priest invokes the aid of Beogh against you.
Beogh smites you! The orc closely misses you.
You thump the orc with the +12 mace of No Interval!
Lightning courses through the orc!
You kill the orc!
You hit the ogre but do no damage.
You catch the helpless orc priest completely off-guard!
You hit the orc priest but do no damage.
The ogre hits you with a +0 giant spiked club!
A shower of butterflies erupts from you!
The orc priest hits you with a +0 mace.
You take 34 damage, and have 20/54 hp.
MASSIVE DAMAGE!!
You are too injured to fight recklessly!
You are too injured to fight recklessly!
You are too injured to fight recklessly!
You are too injured to fight recklessly!
You are too injured to fight recklessly!
You are too injured to fight recklessly!
You fade into invisibility!
The ice beast hits you but does no damage.
You block the orc priest's attack.
The ogre hits you with a +0 giant spiked club!!
You die...
Xom chuckles heartily!

#. #. .# .. #.
#.# .#...
#.#####.###.#...
...............
.....b.bb......
#.bb.bOb.#.#
#b.bY@obb..#
#.bbb..b.###
#..b.....##
#b.<.b.b.....
......###.#####.#
##.### ...# # #
....# ......
.....###


You could see an ice beast (unable to see you), an ogre (unable to see you, ally
target) and an orc priest (unable to see you, petrifying).

Vanquished Creatures
  The ghost of justen the Charlatan, an amateur CoAr of Yredelemnul (D:4)
  A black bear (D:4)
  A tengu (D:3)
  A bullfrog (D:4)
  A scorpion (D:4)
  An orc priest (D:4)
  A hound (D:4)
  An iguana (D:4)
  Robin (D:3)
  2 gnolls
  3 adders
  A dart slug (D:1)
  A ribbon worm (D:3)
  8 orcs
  7 bats
  6 endoplasms
  4 giant cockroaches
  19 goblins
  9 hobgoblins
  5 jackals
  4 kobolds
  A quokka (D:4)
  8 ball pythons
  3 frilled lizards
  8 rats
98 creatures vanquished.

Notes
Turn   | Place    | Note
-------+----------+-------------------------------------------
     0 | D:1      | ezpacito the Coglin Chaos Knight began the quest for the
                  | Orb.
     0 | D:1      | Reached XP level 1. HP: 18/18 MP: 1/1
   224 | D:1      | Reached skill level 1 in Dodging
   434 | D:1      | XOM is BORED!
   434 | D:1      | XOM: noise
   443 | D:1      | Reached XP level 2. HP: 24/24 MP: 2/2
   489 | D:1      | Reached skill level 1 in Polearms
   701 | D:1      | Reached XP level 3. HP: 29/29 MP: 3/3
   760 | D:1      | XOM: god gift: scroll labelled HAGU TAUSIUKHE {god gift}
  1137 | D:1      | XOM: silly message
  1653 | D:2      | XOM: 1-stop teleportation journey
  1718 | D:2      | XOM: give mutations
  1718 | D:2      | Gained mutation: Your magical capacity is low. (-10% MP)
                  | [Xom's mischief]
  1718 | D:2      | Gained mutation: Your system is resistant to poisons.
                  | (rPois) [Xom's mischief]
  1718 | D:2      | Lost mutation: Your system is resistant to poisons. (rPois)
                  | [Xom's mischief]
  1718 | D:2      | Gained mutation: You occasionally shout uncontrollably at
                  | your foes. [Xom's mischief]
  1720 | D:2      | Learned a level 3 spell: Fugue of the Fallen
  1825 | D:2      | Identified the +12 mace of No Interval {elec, rN+ Will-
                  | Stlth+}
  1870 | D:2      | XOM: silly message
  1954 | D:2      | Identified the +1 robe of the Kettle-Drum {rElec}
  2325 | D:3      | Reached XP level 4. HP: 35/35 MP: 4/4
  2444 | D:3      | a goblin changed into a tengu
  2444 | D:3      | Noticed a tengu
  2444 | D:3      | XOM: polymorph goblin -> tengu
  2448 | D:3      | Lost mutation: Your magical capacity is low. (-10% MP)
                  | [potion of mutation]
  2448 | D:3      | Lost mutation: You occasionally shout uncontrollably at
                  | your foes. [potion of mutation]
  2448 | D:3      | Gained mutation: You occasionally shout uncontrollably at
                  | your foes. [potion of mutation]
  2448 | D:3      | Gained mutation: You are agile. (Dex +4, Str/Int -1)
                  | [potion of mutation]
  2448 | D:3      | Gained mutation: You are partially covered in large bone
                  | plates. (SH +4) [potion of mutation]
  2452 | D:3      | XOM: confusion
  2521 | D:3      | XOM: silly message
  2570 | D:3      | XOM: silly message
  2590 | D:3      | Identified the staff of Qazlal's Pride {rC+ rN+ Ice}
  2610 | D:3      | XOM: silly message
  2758 | D:3      | XOM: silly message
  2831 | D:3      | XOM: silly message
  3053 | D:3      | Killed a tengu
  3054 | D:3      | Reached skill level 1 in Stealth
  3054 | D:3      | Reached skill level 1 in Spellcasting
  3054 | D:3      | Reached XP level 5. HP: 36/41 MP: 6/6
  3104 | D:3      | Noticed Robin
  3284 | D:3      | Killed Robin
  3478 | D:3      | Learned a level 2 spell: Ensorcelled Hibernation
  3491 | D:4      | Noticed a black bear
  3497 | D:4      | Killed a black bear
  3498 | D:4      | Reached skill level 1 in Maces & Flails
  3498 | D:4      | Reached skill level 1 in Necromancy
  3498 | D:4      | Reached XP level 6. HP: 38/47 MP: 7/7
  3522 | D:4      | XOM: divination: detect creatures
  3604 | D:4      | Found a runed translucent door.
  3709 | D:4      | XOM: silly message
  3819 | D:4      | Reached skill level 1 in Evocations
  3819 | D:4      | Reached XP level 7. HP: 53/53 MP: 8/8
  3926 | D:4      | Found a staircase to the Ecumenical Temple.
  3926 | D:4      | Noticed justen's ghost (amateur CoAr)
  4099 | D:4      | XOM: silly message
  4129 | Temple   | Entered the Ecumenical Temple
  4366 | D:4      | XOM: silly message
  4492 | D:4      | XOM: cleaving
  4494 | D:4      | Killed justen's ghost
  4555 | D:5      | XOM: stealth player
  4555 | D:5      | Entered Level 5 of the Dungeon
  4558 | D:5      | XOM: scenery: summon butterflies
  4564 | D:5      | XOM: butterfly on damage
  4565 | D:5      | Mangled by an ogre

Illustrated notes

Levels and vault maps discovered:
D:1:      dpeg_arrival_circle_labyrinth_c, layout_basic, corexii_hall_statues_l,
          amethyst_killhole
D:2:      layout_loops_ring
D:3:      kennysheep_goblin_castle, layout_basic
D:4:      layout_layer_cave, minmay_temple_entry_antechambers,
          ebering_ghost_sewer_d, chequers_serial_rivers_small_a, st_stairs_9,
          hangedman_glass_garden
D:5:      layout_loops_cross, amethyst_overflow_temple_binary,
          hangedman_decor_slide_cut, uniq_pikel
Temple:   nicolae_temple_bog_church

Skill      XL: |  1  2  3  4  5  6  7 |
---------------+----------------------+-----
Dodging        | 1 2 |  2.7
Armour         | 2 3 |  3.2
Polearms       | 1 2 |  2.5
Stealth        | 1 |  1.6
Spellcasting   | 1 |  1.4
Maces & Flails | 1 |  1.3
Necromancy     | 1 |  1.4
Evocations     | 1 |  1.3
Axes           | 4 |  4.1
Fighting       | 4 |  4.1

Action                     |  1- 3 |  4- 6 |  7- 9 || total
---------------------------+-------+-------+-------++-------
  Melee: Hand axe          |    52 |    33 |    14 ||    99
         Dagger            |    45 |       |       ||    45
         Mace              |     4 |    74 |    18 ||    96
         Staff             |       |    26 |       ||    26
    Use: Scroll            |       |     7 |       ||     7
         Potion            |       |     5 |     2 ||     7
   Stab: Confused          |     1 |       |       ||     1
         Sleeping          |     2 |       |       ||     2
         Invisible         |       |     2 |     6 ||     8
         Petrifying        |       |       |     1 ||     1
 Armour: Leather armour    |    34 |       |       ||    34
         Chain mail        |     1 |   110 |    16 ||   127
  Dodge: Dodged            |    21 |    38 |     5 ||    64
  Block: Other             |       |    15 |     2 ||    17

Table legend: (Time is in decaauts)
 A = Elapsed time spent in this place.
 B = Non-inter-level travel time spent in this place.
 C = Inter-level travel time spent in this place.
 D = Time resting spent in this place.
 E = Time spent auto-exploring this place.
 F = Levels seen in this place.
 G = Mean time per level.
                   A        B        C        D        E       F      G
               +--------+--------+--------+--------+--------+-----+--------+
         Total |   4585 |   4091 |    494 |    138 |   3361 |   6 |  764.2 |
       Dungeon |   4583 |   4090 |    493 |    138 |   3361 |   5 |  916.6 |
        Temple |      1 |      1 |      0 |      0 |      0 |   1 |    1.0 |
               +--------+--------+--------+--------+--------+-----+--------+

Top non-repeatable levels by time:
     D:1: 1442 daAuts
     D:3: 1183 daAuts
     D:4: 1084 daAuts
     D:2: 861 daAuts
     D:5: 10 daAuts
  Temple: 1 daAuts
